 Dungeon Crawl Stone Soup version 0.30.1-11-g7821555f0a (webtiles) character file.

Game seed: 16239879415698990935

4 BoneyBoi1234 the Firebug (level 1, 0/14 HPs)
             Began as a Hill Orc Fire Elementalist on Nov 6, 2023.
             Slain by a ball python (2 damage)
             ... on level 1 of the Dungeon.
             The game lasted 00:00:31 (113 turns).

BoneyBoi1234 the Firebug (HOFE)                      Turns: 113, Time: 00:00:32

Health: 0/14       AC:  2    Str: 10    XL:     1   Next: 70%
Magic:  1/3        EV: 12    Int: 15    God:
Gold:   0          SH:  0    Dex: 11    Spells: 2/3 levels left

rFire   . . .        (no weapon)
rCold   . . .        (no shield)
rNeg    . . .        a - +0 robe
rPois   .            (no helmet)
rElec   .            (no cloak)
rCorr   .            (no gloves)
SInv    .            (no boots)
Will    .....        (no amulet)
Stlth   ++           (no ring)
HPRegen 0.22/turn    (no ring)
MPRegen 0.08/turn

%: no passive effects
@: no status effects
A: no striking features
a: no special abilities


You were on level 1 of the Dungeon.
You visited 1 branch of the dungeon, and saw 2 of its levels.

Inventory:

Armour
 a - a +0 robe (worn)
Potions
 b - a potion of magic


   Skills:
 + Level 1.6 Dodging
 + Level 1.6 Stealth
 + Level 1.6 Spellcasting
 + Level 1.1 Conjurations
 + Level 3.3 Fire Magic


You had 2 spell levels left.
You knew the following spells:

 Your Spells              Type           Power      Damage    Failure   Level
a - Foxfire               Conj/Fire      32%        2x1d5     9%          1

Your spell library contained the following spells:

 Spells                   Type           Power      Damage    Failure   Level
 Scorch                   Fire           22%        2d5       9%          2
 Inner Flame              Hex/Fire       6%         N/A       34%         3
 Volatile Blastmotes      Fire/Tloc      12%        2d11      34%         3
 Flame Wave               Conj/Fire      8%         2d5       65%         4


Dungeon Overview and Level Annotations

Branches:
Dungeon (2/15)

Altars:


Message History

You kill the bat!
Casting: Foxfire (safe; 9% risk of failure)
Press: ? - help, Q - select action Dir - look around, f - activate You conjure some foxfire!
The kobold closely misses you.
The foxfire hits the kobold.
The kobold is moderately wounded.
The foxfire hits the kobold.
The kobold is severely wounded.
The ball python bites you but does no damage.
The ball python barely misses you.
You don't have enough magic to cast this spell.
The kobold hits you with a +0 club. The ball python bites you.
The ball python barely misses you. The kobold attacks as you move away!
The kobold barely misses you.
A bat comes into view.
The hobgoblin hits you.
The ball python bites you but does no damage.
The ball python grabs you. The ball python constricts you.
* * * LOW HITPOINT WARNING * * *
The kobold hits you with a +0 club.
* * * LOW HITPOINT WARNING * * *
You escape the ball python's grasp.
The hobgoblin attacks as you move away! The hobgoblin barely misses you.
The ball python completely misses you. The ball python closely misses you.
The hobgoblin attacks as you move away! The hobgoblin completely misses you.
The ball python attacks as you move away!
The ball python bites you but does no damage.
The ball python barely misses you. The bat closely misses you.
The ball python barely misses you. The ball python grabs you.
The ball python constricts you.
You escape the ball python's grasp.
The bat attacks as you move away! The bat barely misses you.
The ball python attacks as you move away!
The ball python bites you.
* * * LOW HITPOINT WARNING * * *
The ball python misses you. The bat barely misses you.
The ball python attacks as you move away!
The ball python bites you.
You die...

######### #.......#
#.......# #.......#
##.......# ####
#........# #..#
#.......g####
#..####.†......SS.#
.........†.....#@##
..#####..#######.#
.## .....# ..#
.#....#### ..##
...#.# #.# .# #. ..
)... ..# ### .##


You could see a hobgoblin and 2 ball pythons.

Vanquished Creatures
  A ball python (D:1)
  A bat (D:1)
  A giant cockroach (D:1)
  A frilled lizard (D:1)
4 creatures vanquished.

Vanquished Creatures (others)
  11 foxfires (D:1)
11 creatures vanquished.

Grand Total: 15 creatures vanquished

Notes
Turn   | Place    | Note
-------+----------+-------------------------------------------
     0 | D:1      | BoneyBoi1234 the Hill Orc Fire Elementalist began the quest
                  | for the Orb.
     0 | D:1      | Reached XP level 1. HP: 14/14 MP: 3/3
    16 | D:1      | You fall into a shaft and drop 1 floor!
   113 | D:1      | Slain by a ball python

Illustrated notes

Levels and vault maps discovered:
D:1:      nagdon_arrival_double_spiral, layout_rooms
D:2:      minmay_razor_zed, layout_rooms, uniq_jessica

Action                     || total
---------------------------++-------
   Cast: Foxfire           ||     6
 Armour: Robe              ||    15
  Dodge: Dodged            ||    29
